AoeStats
← Lord_M@ster

Lombardia

510240098Analyzed
2v2 RM · 18h ago on Sep 30, 2026· 46m 28s· 4 players
Game mode
Random Map
Map size
Medium (4 player)
Population
200
Speed
Normal
Resources
Standard
Victory
Conquest
Starting age
Dark Age
Ending age
Imperial Age
RankedLock teamsTeams togetherTeam positionsShared explorationLock speedFull tech treeHidden civsTurbo modeCheats
Victory
Defeat
🇺🇸 Japanese · United States
1383
+16
🇺🇸 Poles · United States
1382
+15
🇦🇷 Khmer · Argentina
1387
-16
🇲🇽 Britons · Mexico
1364
-15
Marco Aurelio
6:25 Loom
8:52 Feudal Age
12:09 Double-Bit Axe
13:52 Fletching
23:42 Castle Age
22:04 Gold Mining
21:55 Horse Collar
23:55 Padded Archer Armor
23:54 Crossbowman
24:30 Bodkin Arrow
29:08 Ballistics
29:33 Bow Saw
42:37 Imperial Age
43:02 Stone Mining
43:30 Arbalester
44:11 Bracer
Lord_M@ster
4:58 Loom
8:48 Feudal Age
9:40 Double-Bit Axe
13:22 Horse Collar
15:36 Scale Barding Armor
16:03 Forging
19:23 Gold Mining
22:45 Castle Age
23:58 Bow Saw
24:22 Husbandry
25:49 Bloodlines
27:53 Iron Casting
42:30 Wheelbarrow
45:42 Imperial Age
43:13 Fletching
NimbleSloths
9:20 Loom
11:31 Feudal Age
15:20 Castle Age
13:07 Double-Bit Axe
13:57 Horse Collar
22:33 Bow Saw
33:50 Wheelbarrow
34:09 Gold Mining
35:43 Heavy Plow
37:16 Gold Shaft Mining
36:40 Crossbowman
38:18 Hand Cart
38:47 Thumb Ring
38:38 Fletching
39:15 Padded Archer Armor
40:03 Bodkin Arrow
43:23 Imperial Age
41:48 Leather Archer Armor
42:45 Thumb Ring
43:35 Ballistics
43:27 Masonry
43:50 Arbalester
44:31 Bracer
45:02 Ring Archer Armor
45:37 Chemistry
CrookedYams
12:06 Feudal Age
16:11 Castle Age
14:01 Horse Collar
14:19 Double-Bit Axe
16:09 Loom
20:24 Szlachta Privileges
21:43 Bloodlines
23:26 Scale Barding Armor
25:14 Forging
25:27 Chain Barding Armor
25:57 Forging
26:00 Husbandry
27:24 Wheelbarrow
28:41 Iron Casting
35:41 Fletching
Connection lost

Rejoining the realm…

Still unreachable

The connection could not be restored.

Session expired

The server has moved on; the page needs a fresh start.